 Dungeon Crawl Stone Soup version 0.28.0-47-ge53b351184 (webtiles) character file.

Game seed: 351783787947324401

333 Gabide the Grave Robber (level 6, -4/46 HPs)
             Began as a Mummy Necromancer on May 10, 2022.
             Killed by divine providence
             ... invoked by an orc priest
              (10 damage)
             ... on level 4 of the Dungeon.
             The game lasted 00:08:50 (3297 turns).

Gabide the Grave Robber (Mummy Necromancer)         Turns: 3297, Time: 00:08:51

Health: -4/46      AC:  5    Str: 12    XL:     6   Next: 27%
Magic:  1/12       EV: 12    Int: 16    God:
Gold:   107        SH:  0    Dex: 12    Spells: 5/13 levels left

rFire   x . .      SeeInvis +   h - +7 club (spect)
rCold   + . .      Faith    .   (no shield)
rNeg    + + +      Spirit   .   i - +2 robe {Will+}
rPois   ∞          Reflect  .   (no helmet)
rElec   .          Harm     .   f - +0 cloak
rCorr   .          Rampage  .   (no gloves)
Will    +....                   (no boots)
Stlth   ++........              (no amulet)
HPRegen 0.15/turn               g - ring of see invisible
MPRegen 0.13/turn               (no ring)

@: no status effects
A: cold resistance 1, negative energy resistance 3, torment resistance 2, heat
vulnerability 1, no potions
a: no special abilities


You were on level 4 of the Dungeon.
You visited 1 branch of the dungeon, and saw 4 of its levels.

You collected 107 gold pieces.

Inventory:

Hand Weapons
 h - a +7 spectral club (weapon)
Missiles
 a - a throwing net
Armour
 f - a +0 cloak (worn)
 i - a +2 robe of willpower (worn)
Jewellery
 c - a ring of flight
 g - a ring of see invisible (left hand)
Scrolls
 b - a scroll of magic mapping {unknown}
 d - a scroll of summoning {unknown}
 e - a scroll of vulnerability {unknown}
 j - a scroll of silence {unknown}
 k - a scroll of identify {unknown}
 l - a scroll of teleportation {unknown}


   Skills:
 + Level 2.5 Fighting
 + Level 2.8 Dodging
 - Level 1.5 Stealth
 + Level 4.2 Spellcasting
 * Level 5.7 Necromancy


You had 5 spell levels left.
You knew the following spells:

 Your Spells              Type           Power      Damage    Failure   Level
a - Pain                  Necr           84%        1d8       1%          1
b - Vampiric Draining     Necr           21%        2d7       4%          3
c - Animate Dead          Necr           10%        N/A       16%         4

Your spell library contained the following spells:

 Spells                   Type           Power      Damage    Failure   Level
 Animate Skeleton         Necr           42%        N/A       1%          1
 Ensorcelled Hibernation  Hex/Ice        6%         N/A       26%         2
 Passwall                 Tmut/Erth      2%         N/A       26%         2
 Agony                    Necr           21%        N/A       38%         5
 Swiftness                Air            3%         N/A       45%         3


Dungeon Overview and Level Annotations

Branches:
Dungeon (4/15)
 Temple: D:4-7

Altars:


Innate Abilities, Weirdness & Mutations

You are immune to poison.
Your flesh is cold resistant. (rC+)
You are immune to negative energy. (rN+++)
You are immune to unholy pain and torment.
You are vulnerable to heat. (rF-)
You do not drink.


Message History

Your +7 spectral club hits the howler monkey skeleton.
The ball python bites you but does no damage.
The ball python constricts you.
The howler monkey skeleton barely misses you.
The orc priest hits you with a +0 hand axe.
The ball python bites you. The ball python constricts you.
You hit the howler monkey skeleton.
The howler monkey skeleton is moderately damaged.
Your +7 spectral club hits the howler monkey skeleton!
The howler monkey skeleton hits you.
The ball python bites you but does no damage.
The ball python constricts you.
The orc priest hits you with a +0 hand axe.
The howler monkey skeleton barely misses you.
Aiming: Pain (safe; 1% risk of failure)
Press: ? - help, Q - select action, (/) - cycle Shift-Dir - straight line, f - orc priest
Aim: an orc priest, wielding a +0 hand axe (chance to affect: 80%)
Okay, then.
Unknown command.
You hit the howler monkey skeleton.
The howler monkey skeleton is almost destroyed.
Your +7 spectral club hits the howler monkey skeleton!
You destroy the howler monkey skeleton!
The ball python bites you but does no damage.
The ball python constricts you.
The orc priest hits you with a +0 hand axe.
* * * LOW HITPOINT WARNING * * *
The ball python bites you.
* * * LOW HITPOINT WARNING * * *
The ball python constricts you.
* * * LOW HITPOINT WARNING * * *
The orc priest completely misses you.
Okay, then.
Unknown command.
Unknown command.
You escape the ball python's grasp.
The orc priest looks satisfied for a moment.
The orc priest calls down the wrath of Beogh upon you.
Beogh smites you!
You die...

.## ..# ..# ..# ?. ###
### ##+# .#
##..###.###<.##o####..
#...........@S.)......
#........§....))......
+............§§§......
#..>(.................
.
#.....................
..#
###+##.###.####(..##>.
##..###.##.###.###
#### .
#.................
#.................


You could see an orc priest and a ball python.

Vanquished Creatures
  A scorpion (D:4)
  Jessica (D:2)
  Terence (D:3)
  2 orc wizards (D:4)
  A howler monkey skeleton (D:4)
  An adder (D:3)
  7 gnolls
  A worm (D:3)
  A dart slug (D:1)
  6 orcs
  3 ball pythons
  5 bats
  8 endoplasms
  2 giant cockroaches (D:2)
  5 goblins
  3 hobgoblins
  8 jackals
  2 kobolds
  4 quokkas
  8 frilled lizards
  11 rats
81 creatures vanquished.

Notes
Turn   | Place    | Note
-------+----------+-------------------------------------------
     0 | D:1      | Gabide the Mummy Necromancer began the quest for the Orb.
     0 | D:1      | Reached XP level 1. HP: 13/13 MP: 4/4
   179 | D:1      | Reached XP level 2. HP: 20/20 MP: 1/5
   786 | D:1      | Reached XP level 3. HP: 14/25 MP: 0/7
   816 | D:1      | Reached skill level 1 in Fighting
  1690 | D:2      | Noticed Jessica
  1702 | D:2      | Killed Jessica
  1703 | D:2      | Reached XP level 4. HP: 13/32 MP: 0/9
  2331 | D:3      | Reached skill level 5 in Necromancy
  2469 | D:3      | Found a faded altar of an unknown god.
  2643 | D:3      | Reached XP level 5. HP: 38/38 MP: 6/10
  2658 | D:3      | Learned a level 3 spell: Vampiric Draining
  2663 | D:3      | Learned a level 4 spell: Animate Dead
  2780 | D:3      | Noticed Terence
  2815 | D:3      | Killed Terence
  3192 | D:4      | Reached XP level 6. HP: 40/44 MP: 1/12
  3297 | D:4      | Killed from afar by an orc priest

Illustrated notes

Levels and vault maps discovered:
D:1:      nicolae_arrival_memento_mori, layout_basic, serial_aquarium,
          aquarium_bridge_square [aquarium_subvault_bridge,
          aquarium_subvault_wall, aquarium_subvault_balcony,
          aquarium_subvault_bridge], aquarium_window_fake,
          aquarium_window_corner, aquarium_window_fake, aquarium_view_2d,
          aquarium_balcony_1b, aquarium_pool_split, hangedman_decor_points
D:2:      layout_loops_cross, st_stairs_14, kennysheep_jessica_study
D:3:      layout_rooms, basic_ecumenical_altar, st_stairs_8, uniq_terence
D:4:      layout_gridville

Skill      XL: |  1  2  3  4  5 |
---------------+----------------+-----
Spellcasting   | 3 4 |  4.2
Fighting       | 1 2 |  2.5
Dodging        | 2 |  2.8
Necromancy     | 5 |  5.7
Stealth        | |  1.5

Action                   |  1- 3 |  4- 6 || total
-------------------------+-------+-------++-------
Melee: Unarmed           |     3 |       ||     3
       Mace              |    13 |       ||    13
       War axe           |     2 |       ||     2
       Club              |       |    22 ||    22
 Cast: Pain              |    85 |    62 ||   147
       Vampiric Draining |       |     5 ||     5
  Use: Scroll            |       |     2 ||     2
Armor: Robe              |     8 |    13 ||    21
Dodge: Dodged            |    21 |    20 ||    41
